 Dungeon Crawl Stone Soup version 0.30-b1-2-g02819fbbbe (webtiles) character file.

Game seed: 16769001522379491708

65 Turgor the Trooper (level 3, -1/29 HPs)
             Began as a Demonspawn Fighter on May 12, 2023.
             Slain by a gnoll
             ... wielding a +0 flail
              (9 damage)
             ... on level 2 of the Dungeon.
             The game lasted 00:07:04 (1066 turns).

Turgor the Trooper (Demonspawn Fighter)             Turns: 1066, Time: 00:07:04

Health: -1/29      AC:  8    Str: 16    XL:     3   Next: 94%
Magic:  3/3        EV:  8    Int: 11    God:
Gold:   49         SH:  4    Dex: 12    Spells: 2/2 levels left

rFire   . . .        a - +0 war axe
rCold   . . .        c - +0 buckler
rNeg    . . .        b - +0 scale mail
rPois   .            (no helmet)
rElec   .            (no cloak)
rCorr   .            (no gloves)
SInv    .            j - +0 pair of boots
Will    .....        (no amulet) Stlth
                     (no ring)
HPRegen 0.24/turn    (no ring)
MPRegen 0.08/turn

%: no passive effects
@: no status effects
A: powered by death 1, sharp scales 1
a: no special abilities


You were on level 2 of the Dungeon.
You visited 1 branch of the dungeon, and saw 2 of its levels.

You collected 49 gold pieces.

Inventory:

Hand Weapons
 a - a +0 war axe (weapon)
Missiles
 e - 6 poisoned darts (quivered)
 f - 4 curare-tipped darts
 g - 12 stones
Armour
 b - a +0 scale mail (worn)
 c - a +0 buckler (worn)
 j - a +0 pair of boots (worn)
Scrolls
 l - 3 scrolls of identify {unknown}
 m - a scroll of enchant armour {unknown}
Potions
 d - a potion of might
 h - a potion of brilliance {unknown}
 i - a potion of magic {unknown}
 k - a potion of invisibility {unknown}
 n - a potion of mutation {unknown}


   Skills:
 + Level 3.4 Fighting
 * Level 2.8 Axes
 + Level 3.1 Armour
 + Level 3.1 Shields


You had 2 spell levels left.
You didn't know any spells.
Your spell library was empty.

Dungeon Overview and Level Annotations

Branches:
Dungeon (2/15)

Altars:

Shops:
D:2 [=[*


Innate Abilities, Weirdness & Mutations

You regenerate a little health from kills.
You are partially covered in razor-sharp scales. (AC +1, Slay +1)


Message History

You slash the adder!
The adder is almost dead.
The adder bites you but does no damage. The adder barely misses you.
You miss the adder.
The adder is almost dead.
The adder bites you but does no damage.
You hit the adder.
You kill the adder!
A goblin comes into view. It is wielding a +0 dagger.
You closely miss the goblin. The goblin hits you with a +0 dagger.
You slash the goblin!
You kill the goblin!
Found a stone staircase leading down.
You see here a +0 dagger.
A gnoll comes into view. It is wielding a +0 whip.
The gnoll shouts!
You hear a shout! x2
A gnoll comes into view. It is wielding a +0 flail.
The gnoll shouts!
You hit the gnoll.
The gnoll is heavily wounded.
The gnoll hits you with a +0 whip.
A gnoll comes into view. It is wielding a +0 whip.
You barely miss the gnoll.
The gnoll is heavily wounded.
You block the gnoll's attack.
You completely miss the gnoll.
The gnoll is heavily wounded.
The gnoll hits you with a +0 whip.
You hit the gnoll but do no damage. The gnoll barely misses you.
You barely miss the gnoll. The gnoll hits you with a +0 flail.
The gnoll hits you with a +0 flail!
You hit the gnoll.
The gnoll is lightly wounded.
The gnoll hits you but does no damage.
You hit the gnoll.
The gnoll is heavily wounded.
The gnoll hits you with a +0 flail!
* * * LOW HITPOINT WARNING * * *
The gnoll hits you with a +0 flail!
You die...

#.... #....####
#........ #....##..
###########
#.....+..
#.ggg@....#
#.....#..
#.####.####
#.....###
##.####.##.....###
##..............)..
#>..####.####.#.###
#.#.# #. #.#.# #
#.#.# #.####.#.# #
#.#.####.#....#.# #
#.#)#......####.###


You could see 3 gnolls.

Vanquished Creatures
  A gnoll (D:2)
  2 adders (D:2)
  A worm (D:2)
  3 endoplasms (D:1)
  2 giant cockroaches
  5 goblins
  A hobgoblin (D:1)
  4 jackals (D:1)
  A quokka (D:1)
  4 ball pythons
  5 bats
  2 frilled lizards
  3 kobolds (D:1)
  2 rats (D:1)
36 creatures vanquished.

Notes
Turn   | Place    | Note
-------+----------+-------------------------------------------
     0 | D:1      | Turgor the Demonspawn Fighter began the quest for the Orb.
     0 | D:1      | Reached XP level 1. HP: 18/18 MP: 1/1
   113 | D:1      | Gained mutation: You are partially covered in razor-sharp
                  | scales. (AC +1, Slay +1) [demonic ancestry]
   113 | D:1      | Reached XP level 2. HP: 22/24 MP: 2/2
   617 | D:1      | Gained mutation: You regenerate a little health from kills.
                  | [demonic ancestry]
   617 | D:1      | Reached XP level 3. HP: 29/29 MP: 3/3
   720 | D:2      | Found Nupig's General Store.
   753 | D:2      | Found Opiwef's Antique Armour Boutique.
   928 | D:2      | Found Inlih's Jewellery Shop.
   929 | D:2      | Found Nopnede's Armour Emporium.
  1066 | D:2      | Slain by a gnoll

Illustrated notes

Levels and vault maps discovered:
D:1:      spicycebolla_arrival_ecumenical, layout_rooms, serial_forest,
          infiniplex_forest_straight_5, infiniplex_forest_lined_room_3,
          infiniplex_forest_fountain, infiniplex_forest_straight_2,
          infiniplex_forest_clump_tiny, infiniplex_forest_lined_1,
          infiniplex_forest_straight_2, infiniplex_forest_lined_room_3,
          minmay_misc_feat_five
D:2:      layout_basic, serial_shops, shop, shop, shop,
          nicolae_shop_rolling_square, shop, uniq_terence, uniq_jessica

Skill      XL: |  1  2  3 |
---------------+----------+-----
Axes           | 2 |  2.8
Armour         | 3 |  3.1
Shields        | 3 |  3.1
Fighting       | |  3.4

Action                     || total
---------------------------++-------
  Melee: War axe           ||   102
  Throw: Dart              ||     2
 Armour: Scale mail        ||    61
  Dodge: Dodged            ||    47
  Block: Buckler           ||     8
